 Dungeon Crawl Stone Soup version 0.26.1-11-gd32895ea62 (webtiles) character file.

Game seed: 15346009428816306982

3567 dtburroughs the Fighter (level 9, 0/82 HPs)
             Began as a Minotaur Berserker on June 21, 2021.
             Was an Elder of Trog.
             Slain by a gnoll
             ... wielding a +0 spear
              (4 damage)
             ... on level 7 of the Dungeon.
             The game lasted 00:10:15 (8794 turns).

dtburroughs the Fighter (Minotaur Berserker)        Turns: 8794, Time: 00:10:16

Health: 0/82       AC: 11    Str: 22    XL:     9   Next: 84%
Magic:  8/8        EV: 11    Int:  7    God:    Trog [****..]
Gold:   347        SH:  0    Dex: 10    Spells: 8/8 levels left

rFire    . . .     SeeInvis .   z - +0 flail (vorpal)
rCold    . . .     Faith    .   (no shield)
rNeg     . . .     Spirit   .   h - +0 chain mail
rPois    .         Reflect  .   (helmet restricted)
rElec    .         Harm     .   (no cloak)
rCorr    .         Rampage  .   (no gloves)
Will     .....                  (no boots)
Stlth    ..........             (no amulet)
HPRegen  0.23/turn              (no ring)
MPRegen  0.11/turn              (no ring)

@: mighty, lethally poisoned (0 -> -16), flying
A: retaliatory headbutt, horns 2
a: Renounce Religion, Berserk, Trog's Hand, Brothers in Arms


You were on level 7 of the Dungeon.
You worshipped Trog.
Trog was greatly pleased with you.
You visited 1 branch of the dungeon, and saw 7 of its levels.
You also visited: Sewer.

You collected 347 gold pieces.

Inventory:

Hand Weapons
 a - a +0 hand axe
 z - a +0 vorpal flail (weapon)
 B - a +0 whip of flaming
Armour
 h - a +0 chain mail (worn)
Wands
 x - a wand of disintegration (16)
 y - a wand of polymorph (6)
 A - a wand of acid (13)
Scrolls
 b - a scroll of enchant weapon {unknown}
 d - 4 scrolls of teleportation {unknown}
 e - 4 scrolls of immolation {unknown}
 f - 6 scrolls of remove curse {unknown}
 g - a scroll of noise {unknown}
 i - 4 scrolls of random uselessness {unknown}
 l - 11 scrolls of identify {unknown}
 o - 2 scrolls of blinking {unknown}
 p - 2 scrolls of fog {unknown}
 r - 4 scrolls of magic mapping {unknown}
 s - 5 scrolls of enchant armour {unknown}
 t - a scroll of amnesia {unknown}
 C - a scroll of holy word {unknown}
Potions
 c - 2 potions of might
 j - 2 potions of degeneration {unknown}
 k - 3 potions of attraction {unknown}
 m - 2 potions of mutation {unknown}
 n - 2 potions of invisibility {unknown}
 q - 4 potions of flight
 u - 4 potions of curing {unknown}
 v - a potion of heal wounds {unknown}
 w - a potion of ambrosia {unknown}


   Skills:
 + Level 8.8 Fighting
 + Level 8.8 Axes
 + Level 8.4 Armour
 + Level 7.6 Dodging
 + Level 3.9 Evocations


You had 8 spell levels left.
You didn't know any spells.
Your spell library was empty.

Dungeon Overview and Level Annotations

Branches:
Dungeon (7/15)             Temple (0/1) D:5           Sewer (visited)

Altars:
Elyvilon
Sif Muna

Shops:
D:4 :

Annotations:
D:3 1 runed translucent door, Crazy Yiuf


Innate Abilities, Weirdness & Mutations

You reflexively headbutt those who attack you in melee.
You have a pair of horns on your head.


Message History

You feel sick. The killer bee stings you.
* * * LOW HITPOINT WARNING * * *
You are more poisoned.
The killer bee poisons you! The killer bee closely misses you.
You furiously retaliate!
You headbutt the killer bee!
You kill the killer bee!
Trog accepts your kill. The killer bee misses you. You furiously retaliate!
You headbutt the killer bee!!
You kill the killer bee!
Trog accepts your kill.
The gnoll hits you from afar with a +0 spear.
* * * LOW HITPOINT WARNING * * *
You feel sick.
Your skin stops crawling.
You feel less strong-willed.
* * * LOW HITPOINT WARNING * * *
You feel sick. The bullfrog closely misses you. You furiously retaliate!
You headbutt the bullfrog!
The gnoll hits you from afar with a +0 spear.
You die...

#.....................#
#g.#######..###.......#
####g##### #..# #.......#
#........# #..# #########
#....g...# #..# #........#
#..# #......g.# #..# ###
#.......F# #..#
..#######.......@#
#..###########
.......########..#
#..##......... .......#
##.###..##.########
.......# #.)##..##.#
.......####### ##.##..##.#
.............# #(##..##.#
.............####..#..##.#
#'###........'.....#..##.#
#.# #........#####.#..##.#


You could see a bullfrog, a gnoll shaman and 3 gnolls.

Vanquished Creatures
  Pikel (D:7)
  Grinder (D:3)
  Sigmund (D:2)
  Menkaure (D:6)
  A water moccasin (D:6)
  2 sky beasts
  2 ogres
  A black bear (D:6)
  A necrophage (D:6)
  An ice beast (D:7)
  2 phantoms
  6 centaurs
  A lemure (D:7)
  A big kobold (Sewer)
  Blork the orc (D:4)
  A bullfrog (D:7)
  5 killer bees (D:7)
  A water moccasin skeleton (D:6)
  A bullfrog zombie (D:5)
  A centaur zombie (D:7)
  A jelly (D:7)
  A bullfrog skeleton (D:4)
  4 hounds
  An orc priest (D:6)
  An orc wizard (D:5)
  A centaur skeleton (D:4)
  2 iguanas
  5 worker ants
  2 hound zombies (D:6)
  Robin (D:3)
  8 gnolls
  5 adders
  3 shadow imps
  A white imp (D:5)
  3 worms
  3 dart slugs
  5 leopard geckos
  14 orcs
  A ball python (D:1)
  6 giant cockroaches
  17 goblins
  11 hobgoblins
  4 jackals
  3 quokkas
  5 bats
  6 frilled lizards
  10 kobolds
  A quokka skeleton (D:6)
  15 rats
172 creatures vanquished.

Notes
Turn   | Place    | Note
-------+----------+-------------------------------------------
     0 | D:1      | dtburroughs the Minotaur Berserker began the quest for the
                  | Orb.
     0 | D:1      | Reached XP level 1. HP: 19/19 MP: 0/0
   221 | D:1      | Reached XP level 2. HP: 26/27 MP: 1/1
  1258 | D:2      | Reached XP level 3. HP: 33/33 MP: 2/2
  1488 | D:2      | Reached ** piety under Trog
  1714 | D:2      | Noticed Sigmund
  1729 | D:2      | Reached XP level 4. HP: 11/41 MP: 3/3
  1736 | D:2      | Killed Sigmund
  1737 | D:2      | Reached skill level 5 in Fighting
  1737 | D:2      | Reached XP level 5. HP: 10/48 MP: 4/4
  2541 | D:3      | Reached skill level 5 in Axes
  2830 | D:3      | Noticed Grinder
  2846 | D:3      | Killed Grinder
  2847 | D:3      | Reached XP level 6. HP: 47/56 MP: 5/5
  3031 | D:3      | Noticed Robin
  3041 | D:3      | Killed Robin
  3310 | D:3      | Found a runed translucent door.
  3311 | D:3      | Noticed Crazy Yiuf
  3794 | D:4      | Found Kotserace's Book Shop.
  3896 | D:4      | Reached skill level 5 in Armour
  3896 | D:4      | Reached XP level 7. HP: 57/62 MP: 6/6
  3928 | D:4      | Found a glowing drain.
  3933 | D:4      | Reached *** piety under Trog
  3951 | Sewer    | Entered a sewer
  4111 | Sewer    | Found a white marble altar of Elyvilon.
  4207 | D:4      | Noticed Blork the orc
  4224 | D:4      | Killed Blork the orc
  4714 | D:4      | Reached skill level 5 in Dodging
  4717 | D:4      | Found a white marble altar of Elyvilon.
  5020 | D:5      | Entered Level 5 of the Dungeon
  5414 | D:5      | Reached XP level 8. HP: 68/71 MP: 7/7
  5600 | D:5      | Found a staircase to the Ecumenical Temple.
  5782 | D:5      | Found a shimmering blue altar of Sif Muna.
  6286 | D:6      | Reached skill level 1 in Evocations
  6586 | D:6      | Reached **** piety under Trog
  6652 | D:6      | Noticed Menkaure
  6659 | D:6      | Killed Menkaure
  6938 | D:6      | Reached XP level 9. HP: 80/80 MP: 8/8
  7673 | D:7      | Noticed Pikel
  7687 | D:7      | Killed Pikel
  8794 | D:7      | HP: 4/82 [poisoned by a killer bee]
  8794 | D:7      | Slain by a gnoll

Illustrated notes

Levels and vault maps discovered:
D:1:      lightli_arrival_quake, layout_loops_ring
D:2:      minmay_thinvault, layout_basic, serial_forest,
          infiniplex_forest_clump_cross, infiniplex_forest_end_1,
          infiniplex_forest_lined_room_, infiniplex_forest_diagonal,
          infiniplex_forest_clump_C, infiniplex_forest_clump_tiny,
          infiniplex_forest_clump_medium, infiniplex_forest_clump_diagonal,
          uniq_sigmund
D:3:      kennysheep_goblin_castle, layout_basic, grunt_decor_resistance,
          uniq_grinder, uniq_crazy_yiuf_cottage
D:4:      layout_loops_corners, elyvilon_altar_5, serial_shops, shop,
          gup_sewer_entry_pipe, uniq_robin, uniq_blork_the_orc
D:5:      layout_basic, minmay_temple_entry_wispy,
          minmay_misc_feat_more_columns, tgw_sif
D:6:      layout_loops_corners, kennysheep_generic_room_14, uniq_menkaure
D:7:      layout_basic, grunt_ministairs_11, uniq_pikel

Skill      XL: |  1  2  3  4  5  6  7  8  9 |
---------------+----------------------------+-----
Axes           | 4 5 6 7 8 |  8.8
Fighting       | 4 5 6 7 8 |  8.8
Armour         | 3 4 5 6 7 8 |  8.4
Dodging        | 3 4 5 6 7 |  7.6
Evocations     | 2 3 |  3.9

Action                   |  1- 3 |  4- 6 |  7- 9 || total
-------------------------+-------+-------+-------++-------
Melee: Hand axe          |    92 |    90 |   126 ||   308
       Headbutt          |    16 |    17 |    58 ||    91
       Flail             |       |       |   164 ||   164
Invok: Berserk           |     1 |       |     2 ||     3
       Trog's Hand       |       |     1 |     4 ||     5
  Use: Potion            |       |       |     2 ||     2
 Stab: Sleeping          |     1 |       |       ||     1
Armor: Animal skin       |     4 |       |       ||     4
       Chain mail        |    45 |    47 |   142 ||   234
Dodge: Dodged            |    37 |    55 |   201 ||   293
